 Dungeon Crawl Stone Soup version 0.31-a0-1134-gb247575874 (webtiles) character file.

Game seed: 3091173871319389880

966 gruber the Skirmisher (level 7, -4/56 HPs)
             Began as a Minotaur Hunter on Dec 5, 2023.
             Slain by an ogre
             ... wielding a +0 giant spiked club
              (34 damage)
             ... on level 6 of the Dungeon.
             The game lasted 00:03:03 (4336 turns).

gruber the Skirmisher (Minotaur Hunter)             Turns: 4336, Time: 00:03:03

Health: -4/56      AC:  7    Str: 16    XL:     7   Next: 93%
Magic:  6/6        EV: 14    Int:  6    God:
Gold:   255        SH:  5    Dex: 15    Spells: 6/6 levels left

rFire   . . .        a - +0 shortbow
rCold   . . .        (shield currently unavailable)
rNeg    . . .        s - +2 robe
rPois   .            (helmet restricted)
rElec   .            u - +1 cloak
rCorr   .            f - +0 pair of gloves
SInv    +            (no boots)
Will    .....        r - amulet of reflection
Stlth   ++           i - ring of see invisible
HPRegen 0.29/turn    (no ring)
MPRegen 0.10/turn

%: reflection
@: no status effects
A: horns 2, retaliatory headbutt
a: no special abilities


You were on level 6 of the Dungeon.
You visited 1 branch of the dungeon, and saw 6 of its levels.

You collected 255 gold pieces.

Inventory:

Hand Weapons
 a - a +0 shortbow (weapon)
Missiles
 m - a throwing net
Armour
 f - a +0 pair of gloves (worn)
 s - a +2 robe (worn)
 u - a +1 cloak (worn)
Jewellery
 i - a ring of see invisible (left hand)
 r - an amulet of reflection (around neck)
Scrolls
 b - a scroll of butterflies
 d - 3 scrolls of enchant armour {unknown}
 g - 4 scrolls of revelation {unknown}
 h - a scroll of fear {unknown}
 k - 3 scrolls of poison {unknown}
 n - a scroll of amnesia {unknown}
 o - 5 scrolls of identify {unknown}
 t - 2 scrolls of enchant weapon {unknown}
 v - a scroll of fog {unknown}
Potions
 c - a potion of resistance {unknown}
 e - a potion of heal wounds
 j - a potion of haste {unknown}
 l - a potion of invisibility {unknown}
 p - 3 potions of curing {unknown}
 q - a potion of might {unknown}


   Skills:
 - Level 2.4 Fighting
 - Level 10.0 Ranged Weapons
 * Level 4.9 Dodging
 - Level 0.7 Stealth


You had 6 spell levels left.
You didn't know any spells.
Your spell library contained the following spells:

 Spells                   Type           Power      Damage    Failure   Level
 Slow                     Hex            0%         N/A       45%         1
 Confusing Touch          Hex            0%         N/A       83%         3
 Sigil of Binding         Hex            0%         N/A       83%         3
 Tukima's Dance           Hex            0%         N/A       83%         3
 Vampiric Draining        Necr           0%         2d6       83%         3
 Olgreb's Toxic Radiance  Pois           0%         N/A       99%         4
 Passage of Golubria      Tloc           0%         N/A       99%         4
 Yara's Violent Unravell  Hex/Tmut       0%         3d3       100%        5
 Discord                  Hex            0%         N/A       100%        8
 Ignition                 Fire           0%         3d3       100%        8


Dungeon Overview and Level Annotations

Branches:
Dungeon (6/15)
 Temple: D:4-7

Altars:
Dithmenos
Ru

Shops:
D:1 [:(   D:2 *   D:3 [

Annotations:
D:2 1 runed translucent door, Crazy Yiuf


Innate Abilities, Weirdness & Mutations

You have a pair of horns on your head.
You reflexively headbutt those who attack you in melee.


Message History

The orc wizard flickers and vanishes for a moment.
There is a stone staircase leading up here.
Unknown command.
You shoot an arrow. The arrow hits the orc!
You kill the orc!
You shoot an arrow. The arrow barely misses the ogre.
The ogre closely misses you. You furiously retaliate!
You headbutt the ogre!
Unknown command.
You shoot an arrow. The arrow hits the ogre.
The ogre is moderately wounded.
You block the orc wizard's attack.
The ogre hits you with a +0 giant spiked club!
Unknown command.
You shoot an arrow. The arrow closely misses the ogre.
The orc wizard hits you with a +0 dagger.
Unknown command.
Unknown command.
You shoot an arrow. The arrow barely misses the orc wizard.
The arrow barely misses the ogre.
The orc wizard points at you and mumbles some strange words.
You resist with some effort.
You shoot an arrow.
The arrow hits the ogre but does no damage.
The ogre is moderately wounded.
The ogre barely misses you.
The orc wizard points at you and mumbles some strange words.
The puff of flame hits you!
Unknown command.
You shoot an arrow.
The arrow hits the ogre but does no damage.
The ogre is moderately wounded.
The orc wizard barely misses you. You furiously retaliate!
You headbutt the orc wizard.
Unknown command.
You shoot an arrow.
The arrow hits the orc wizard but does no damage.
The orc wizard is moderately wounded.
The ogre hits you with a +0 giant spiked club!!
Ouch! That really hurt!
You die...

. ## .##.## #....#
#.... . ... ## #.
##.# #.#... #.#
##.O######..#...
##..##.)o@.##........
........##...........
......[.###)†.....##.
........##.......##
.####.........#..#
###...##.....#
#..###.....# ....#
#.....#
####.........#


You could see an ogre and an orc wizard (invisible).

Vanquished Creatures
  Grinder (D:4)
  Sigmund (D:4)
  A water moccasin (D:5)
  A black bear (D:5)
  An ogre (D:4)
  A jelly (D:5)
  2 orc priests
  An iguana (D:6)
  2 orc wizards (D:5)
  8 adders
  2 ufetubi (D:4)
  A dart slug (D:2)
  6 orcs
  9 endoplasms
  4 giant cockroaches
  10 goblins
  5 hobgoblins
  9 jackals
  3 quokkas (D:1)
  4 ball pythons
  8 bats
  A frilled lizard (D:3)
  7 kobolds
  4 rats
92 creatures vanquished.

Notes
Turn   | Place    | Note
-------+----------+-------------------------------------------
     0 | D:1      | gruber the Minotaur Hunter began the quest for the Orb.
     0 | D:1      | Reached XP level 1. HP: 18/18 MP: 0/0
    68 | D:1      | Found Xuuneu Adghe's Book Shoppe.
   106 | D:1      | Found Tyzast's Antique Armour Emporium.
   302 | D:1      | Reached XP level 2. HP: 25/25 MP: 1/1
   333 | D:1      | Reached skill level 5 in Ranged Weapons
   334 | D:1      | Found Yhab's Weapon Shop.
   662 | D:2      | Reached XP level 3. HP: 30/30 MP: 2/2
   671 | D:2      | Found Iheoxim's General Store.
   738 | D:2      | Found a faded altar of an unknown god.
   830 | D:2      | Reached skill level 6 in Ranged Weapons
   960 | D:2      | Found a runed translucent door.
   961 | D:2      | Noticed Crazy Yiuf
  1410 | D:3      | Reached XP level 4. HP: 37/37 MP: 3/3
  1536 | D:3      | Found Apuix's Antique Armour Shop.
  1853 | D:4      | Noticed an ogre
  1863 | D:4      | Killed an ogre
  1864 | D:4      | Reached skill level 7 in Ranged Weapons
  1864 | D:4      | Reached XP level 5. HP: 42/42 MP: 4/4
  1961 | D:4      | Noticed Grinder
  1967 | D:4      | Paralysed by Grinder for 4 turns
  1977 | D:4      | Paralysed by Grinder for 4 turns
  1987 | D:4      | Killed Grinder
  1988 | D:4      | Reached skill level 8 in Ranged Weapons
  1988 | D:4      | Reached XP level 6. HP: 50/50 MP: 5/5
  2286 | D:4      | Noticed Sigmund
  2302 | D:4      | Killed Sigmund
  2303 | D:4      | Reached skill level 9 in Ranged Weapons
  2303 | D:4      | Reached XP level 7. HP: 32/56 MP: 6/6
  2856 | D:5      | Entered Level 5 of the Dungeon
  3177 | D:5      | Reached skill level 10 in Ranged Weapons
  3594 | D:5      | Found a shadowy altar of Dithmenos.
  4127 | D:5      | Found a sacrificial altar of Ru.
  4336 | D:6      | Slain by an ogre

Illustrated notes

Levels and vault maps discovered:
D:1:      matt_arrival_los_fun, layout_basic, serial_shops,
          nicolae_shop_bloodbath_and_beyond, nicolae_shop_trees,
          nicolae_shop_statue_plus
D:2:      layout_loops_ring, serial_shops, nicolae_shop_tiny_waterfront,
          chequers_ecumenical_altar_island, serial_bayou_lake_a,
          uniq_crazy_yiuf_cottage
D:3:      layout_basic, serial_shops, shop
D:4:      nicolae_cairo_tiling_large_dashed, layout_basic, uniq_sigmund,
          uniq_grinder
D:5:      nicolae_cairo_tiling_large, layout_loops_cross,
          grunt_dithmenos_smoke_and_mirrors, kennysheep_mini_moat,
          serial_co_window_serial, co_window_cross_1, co_window_corner_a,
          co_window_paths_a, co_window_paths_b, co_window_paths_a,
          co_window_2corner, co_window_of_opportunity_c, co_window_corner_cb,
          co_window_broadway_c, co_window_corner_b, co_window_broadway_b,
          co_window_paths_d, glass_columns_b, glass_columns_a
D:6:      layout_layer_cave

Skill      XL: |  1  2  3  4  5  6  7 |
---------------+----------------------+-----
Ranged Weapons | 5 6 7 8 9 10 | 10.0
Dodging        | 4 |  4.9
Fighting       | |  2.4
Stealth        | |  0.7

Action                     |  1- 3 |  4- 6 |  7- 9 || total
---------------------------+-------+-------+-------++-------
   Fire: Shortbow          |   124 |   105 |   111 ||   340
    Use: Potion            |       |     1 |       ||     1
 Armour: Leather armour    |    20 |    19 |       ||    39
         Robe              |       |       |    26 ||    26
  Dodge: Dodged            |    40 |    17 |    17 ||    74
  Block: Other             |       |       |     9 ||     9

Table legend: (Time is in decaauts)
 A = Elapsed time spent in this place.
 B = Non-inter-level travel time spent in this place.
 C = Inter-level travel time spent in this place.
 D = Time resting spent in this place.
 E = Time spent auto-exploring this place.
 F = Levels seen in this place.
 G = Mean time per level.
                   A        B        C        D        E       F      G
               +--------+--------+--------+--------+--------+-----+--------+
         Total |   4382 |   4243 |    139 |     96 |   3566 |   6 |  730.3 |
       Dungeon |   4382 |   4243 |    139 |     96 |   3566 |   6 |  730.3 |
               +--------+--------+--------+--------+--------+-----+--------+

Top non-repeatable levels by time:
     D:5: 1407 daAuts
     D:4: 1004 daAuts
     D:2: 801 daAuts
     D:1: 649 daAuts
     D:3: 455 daAuts
     D:6: 63 daAuts
